 Dungeon Crawl Stone Soup version 0.28-a0-643-g84cb2ea78e (webtiles) character file.

Game seed: 480571986673632466

400 timneilson the Shield-Bearer (level 6, 0/48 HPs)
             Began as a Demonspawn Fighter on Oct 10, 2021.
             Slain by a kobold brigand (3 damage)
             ... on level 4 of the Dungeon.
             The game lasted 00:05:44 (3622 turns).

timneilson the Shield-Bearer (Demonspawn Fighter)   Turns: 3622, Time: 00:05:44

Health: 0/48       AC: 10    Str: 18    XL:     6   Next: 54%
Magic:  6/6        EV: 10    Int: 10    God:
Gold:   218        SH:  5    Dex: 12    Spells: 5/5 levels left

rFire   + . .      SeeInvis .   a - +1 long sword
rCold   . . .      Faith    .   c - +0 buckler
rNeg    . . .      Spirit   .   b - +0 scale mail
rPois   .          Reflect  .   m - +0 helmet
rElec   .          Harm     .   f - +0 cloak
rCorr   .          Rampage  .   n - +0 pair of gloves
Will    .....                   (no boots)
Stlth   ..........              (no amulet)
HPRegen 0.16/turn               i - ring of protection from fire
MPRegen 0.10/turn               (no ring)

@: mighty
A: powered by death 1, demonic magic 1
a: no special abilities


You were on level 4 of the Dungeon.
You visited 1 branch of the dungeon, and saw 4 of its levels.

You collected 218 gold pieces.

Inventory:

Hand Weapons
 a - a +1 long sword (weapon)
Armour
 b - a +0 scale mail (worn)
 c - a +0 buckler (worn)
 f - a +0 cloak (worn)
 m - a +0 helmet (worn)
 n - a +0 pair of gloves (worn)
Jewellery
 i - a ring of protection from fire (left hand)
Scrolls
 d - a scroll of identify {unknown}
Potions
 e - a potion of haste {unknown}
 g - a potion of flight {unknown}
 h - a potion of resistance {unknown}


   Skills:
 + Level 3.7 Fighting
 * Level 3.5 Long Blades
 * Level 4.1 Armour
 + Level 1.6 Dodging
 * Level 4.1 Shields


You had 5 spell levels left.
You didn't know any spells.
Your spell library contained the following spells:

 Spells                   Type           Power      Damage    Failure   Level
 Blink                    Tloc           N/A        N/A       86%         2
 Ensorcelled Hibernation  Hex/Ice        0%         N/A       86%         2
 Lesser Beckoning         Tloc           0%         N/A       98%         3
 Spider Form              Tmut/Pois      0%         N/A       98%         3
 Manifold Assault         Tloc           0%         N/A       100%        5


Dungeon Overview and Level Annotations

Branches:
Dungeon (4/15)
 Temple: D:4-7

Altars:
Dithmenos


Innate Abilities, Weirdness & Mutations

You regenerate a little health from kills.
Spells you cast may paralyse adjacent enemies.


Message History

The kobold brigand is moderately wounded.
You block the kobold brigand's attack. The kobold brigand closely misses you.
You barely miss the kobold brigand.
The kobold brigand is moderately wounded.
The kobold brigand barely misses you.
You closely miss the kobold brigand.
The kobold brigand is moderately wounded.
The kobold brigand barely misses you.
You slash the kobold brigand!
The kobold brigand is severely wounded.
The kobold brigand hits you with a +0 short sword of holy wrath.
You convulse.
You closely miss the kobold brigand.
The kobold brigand is severely wounded.
The kobold brigand hits you but does no damage.
You barely miss the kobold brigand.
The kobold brigand is severely wounded.
The kobold brigand hits you with a +0 short sword of holy wrath.
You convulse.
The kobold brigand hits you but does no damage.
You closely miss the kobold brigand.
The kobold brigand is severely wounded.
The kobold brigand hits you with a +0 short sword of holy wrath.
* * * LOW HITPOINT WARNING * * *
You convulse.
* * * LOW HITPOINT WARNING * * *
You closely miss the kobold brigand.
The kobold brigand is severely wounded.
The kobold brigand closely misses you.
Unknown command.
You barely miss the kobold brigand.
The kobold brigand is severely wounded.
The kobold brigand completely misses you.
You slash the kobold brigand!
The kobold brigand is almost dead.
The kobold brigand barely misses you.
The kobold brigand hits you with a +0 short sword of holy wrath!
* * * LOW HITPOINT WARNING * * *
You convulse.
You die...

. #.# ##.# #.#
#######..##### # .#
##...##.##...## # .
##.....###.....## # .
#.......#....)..# #
#.......#.......# #
#.......#.......#
#..†..###.....## #@†.#
##...## ###
######K#######'#####>.
...................##.#
...................)..#
[K.................##.#
#######'#######'#####.#
#... ##...## #.# #....
##.....###.# #.....
#.......#..#


You could see a kobold brigand.

Vanquished Creatures
  An ogre (D:4)
  A hound (D:4)
  2 iguanas
  Terence (D:3)
  An orc wizard (D:3)
  Robin (D:3)
  3 adders
  2 adder skeletons (D:4)
  3 worms
  3 dart slugs (D:1)
  5 orcs (D:3)
  10 endoplasms
  13 giant cockroaches
  14 goblins
  10 hobgoblins
  4 jackals
  7 kobolds
  3 quokkas
  8 ball pythons
  8 bats
  2 frilled lizards
  6 rats
108 creatures vanquished.

Vanquished Creatures (others)
  A fungus (D:2)
  42 plants (D:3)
43 creatures vanquished.

Grand Total: 151 creatures vanquished

Notes
Turn   | Place    | Note
-------+----------+-------------------------------------------
     0 | D:1      | timneilson the Demonspawn Fighter began the quest for the
                  | Orb.
     0 | D:1      | Reached XP level 1. HP: 18/18 MP: 1/1
   188 | D:1      | Gained mutation: You regenerate a little health from kills.
                  | [demonic ancestry]
   188 | D:1      | Reached XP level 2. HP: 12/24 MP: 2/2
   519 | D:1      | Reached XP level 3. HP: 29/29 MP: 3/3
   982 | D:2      | Found a faded altar of an unknown god.
  1084 | D:2      | Reached XP level 4. HP: 35/35 MP: 4/4
  1162 | D:2      | Found a shadowy altar of Dithmenos.
  1863 | D:3      | Noticed Terence
  1864 | D:3      | Noticed Robin
  1895 | D:3      | Reached skill level 1 in Dodging
  1903 | D:3      | Killed Robin
  1927 | D:3      | Killed Terence
  1928 | D:3      | Reached XP level 5. HP: 34/41 MP: 5/5
  3253 | D:4      | Noticed an ogre
  3262 | D:4      | Killed an ogre
  3263 | D:4      | Gained mutation: Spells you cast may paralyse adjacent
                  | enemies. [demonic ancestry]
  3263 | D:4      | Reached XP level 6. HP: 48/48 MP: 6/6
  3622 | D:4      | Slain by a kobold brigand

Illustrated notes

Levels and vault maps discovered:
D:1:      matt_arrival_refuge, layout_rooms, st_stairs_12, moated_statue,
          patterned_corridor
D:2:      minmay_roachtagon, layout_loops_ring, basic_altar,
          dreamdust_ecumenical_altar_grove, minmay_pentomino_z4
D:3:      layout_loops_corners, kennysheep_another_room, serial_bayou_lagoon_a,
          uniq_terence, uniq_robin
D:4:      kennysheep_six_static_rooms, layout_loops_ring

Skill      XL: |  1  2  3  4  5  6 |
---------------+-------------------+-----
Long Blades    | 2 3 |  3.5
Armour         | 3 4 |  4.1
Shields        | 3 4 |  4.1
Dodging        | 1 |  1.6
Fighting       | |  3.7

Action                   |  1- 3 |  4- 6 || total
-------------------------+-------+-------++-------
Melee: Long sword        |   127 |   244 ||   371
  Use: Scroll            |     1 |     6 ||     7
       Potion            |       |     6 ||     6
Armor: Scale mail        |    78 |   106 ||   184
Dodge: Dodged            |    71 |   112 ||   183
Block: Buckler           |    32 |    58 ||    90

Table legend: (Time is in decaauts)
 A = Elapsed time spent in this place.
 B = Non-inter-level travel time spent in this place.
 C = Inter-level travel time spent in this place.
 D = Time resting spent in this place.
 E = Time spent auto-exploring this place.
 F = Levels seen in this place.
 G = Mean time per level.
                   A        B        C        D        E       F      G
               +--------+--------+--------+--------+--------+-----+--------+
         Total |   3736 |   3690 |     46 |    139 |   2735 |   4 |  934.0 |
       Dungeon |   3736 |   3690 |     46 |    139 |   2735 |   4 |  934.0 |
               +--------+--------+--------+--------+--------+-----+--------+

Top non-repeatable levels by time:
     D:3: 1598 daAuts
     D:2: 878 daAuts
     D:1: 844 daAuts
     D:4: 415 daAuts
